[Event "*** Titled Tuesday 3|2 Blitz"]
[Site "Chess.com"]
[Date "2017.03.07"]
[Round "8"]
[White "oggy1984"]
[Black "Danhy"]
[Result "1/2-1/2"]
[WhiteElo "2354"]
[BlackElo "2351"]
[TimeControl "180+2"]
[EndTime "14:58:59 PST"]
[Termination "Game drawn by repetition"]

1. e4 c5 2. Nf3 e6 3. d4 cxd4 4.
Nxd4 a6 5. Nc3 Qc7 6. g3 Nf6 7. Bg2 d6 8. O-O Be7 9. a4 O-O 10. a5 e5 11. Nde2 Nc6 12. Bg5 Be6 13. Bxf6 Bxf6 14. Nd5 Bxd5 15. Qxd5 Nb4 16. Qb3 Nc6 17. Qd5 Nb4 18. Qb3 Nc6 19. Qa4 Bd8 20. b4 Nd4 21. Nxd4 exd4 22. Rad1 Bf6 23. f4 Rfc8 24. Rfe1 Rab8 25. e5 dxe5 26. fxe5 Bxe5 27. Be4 g6 28.
Rf1 Re8 29. Bd5 Re7 30. Qb3 Rf8 31. Rf3 Kg7 32. Rdf1 f6 33. Kg2 Rd8 34. g4 g5 35.
h3 b6 36. axb6 Qxb6 37. Bc4 Rb8 38. Bd3 Qxb4 39. Qd5 Qb7 40. Qa5 Qb6 41. Qa2 a5 42. Qd5 Rd8 43. Qe4 Kh8 44. h4 Rg8 45. h5 Rge8 46.
h6 Bf4 47. Qf5 Qe6 48. Qxe6 Rxe6 49. Ra1 Bd2 50. Rf5 Bc3 51. Ra4 Kg8 52. Rc4 Kf7 53. Rc7+ R8e7 54. Rc8 Re8 55. Rcc5 Re5 56. Rc7+ R8e7 57.
Rxe5 fxe5 58. Rxe7+ Kxe7 59. Bxh7 a4 60. Bg8 Kf8 61.
h7 Kg7 62. Kf3 a3 63. Ke4 Kh8 64. Kf5 a2 65. Bxa2 Kxh7 66. Kxg5 Bd2+ 67. Kf5 Bf4 68. g5 Kg7 69. Bd5 Bg3 70. Be4 Bf4 71. Kg4 Be3 72. Kf5 Bf4 73. Bd3 Bh2 74. Bc4 Bf4 75. Bb3 Bh2 76.
Ba2 Bf4 77. Bd5 Bh2 78. Be4 Kf7 79. Bf3 Kg7 80. Bg2 Bg3 81. Bh1 Bf4 82. Be4 Bg3 83. Kg4 Bf2 84. Kf3 Be1 85. Kg4 Bd2 86. Kf5 Bf4 87.
Bd3 Bh2 88. Be2 Kf7 89. Bc4+ Kg7 90. Bd5 Bf4 91. Be4 Kf7 92. Bd3 Kg7 93. Kg4 Kf7 94.
g6+ Kf6 95. Be4 Be3 96. Kh5 Kg7 97. Bd3 Bf4 98. Kg4 Bh6 99. Kf5 Bf4 100. Ke6 Bg3 101. Be4 Bf4 102. Kd5 Kf6 103. Kd6 Bh6 104. Kd5 Bg7 105. Bd3 Kg5 106. Be4 Kf4 107. Bd3 Ke3 108. Bf5 Kf4 109. Be4 Ke3 110. Bh1 Kd2 111. Be4 Ke3 112. Bd3 Kf4 113.
Be4 Ke3 114. Bf5 Bh8 115. Bd3 Bg7 116. Be4 Kf4 117. Bh1 Ke3 118. Be4 Kd2 119. Ke6 Ke3 120. Kf5 Bh8 121. Bd3 Bg7 122. Be4 Bh8 123. Bd3 Bg7 124. Be4 Kd2 125. Bd3 Ke3 126. Be4 Kf2 127. Ke6 Ke3 128. Kf5 1/2-1/2

[Event "*** Titled Tuesday 3|2 Blitz"]
[Site "Chess.com"]
[Date "2017.03.07"]
[Round "8"]
[White "ChadaevNikolay"]
[Black "GMMarcinDziuba"]
[Result "1/2-1/2"]
[WhiteElo "2599"]
[BlackElo "2465"]
[TimeControl "180+2"]
[EndTime "14:59:46 PST"]
[Termination "Game drawn by 50-move rule"]

1. Nf3 Nf6 2. d4 g6 3. Bf4 Bg7 4. e3 O-O 5. h3 d6 6. c3 Nc6 7. Be2 Qe8 8. O-O e5 9. Bh2 Qe7 10. a4 Ne4 11. Re1 f5 12. b4 Kh8 13. a5 a6 14.
Nfd2 Ng5 15. Na3 Qf6 16. f4 exf4 17. exf4 Nf7 18. Kh1 Bd7 19. Bf3 Rab8 20. Bg1 Rfe8 21. Nf1 Qh4 22. Qd2 Ne7 23. Kh2 g5 24. Bf2 Qh6 25.
g3 Ng6 26. Be3 gxf4 27. gxf4 Rg8 28. Ng3 Nh4 29. Bh1 Bc6 30. d5 Bd7 31. Rg1 Bf6 32.
Nc2 Rbe8 33. Bd4 Bxd4 34. Qxd4+ Qg7 35. Rae1 Rxe1 36. Qxg7+ Kxg7 37. Rxe1 Re8 38. Rxe8 Bxe8 39. Kg1 Kf6 40. Kf2 Bb5 41. Nd4 Bc4 42. Nc2 Nh6 43.
Ne3 Bd3 44. Ke1 Ng6 45. Kd2 Bb5 46. c4 Ba4 47. Ne2 Ng8 48. Bf3 N8e7 49. Bh5 Nh4 50. Nc3 Bd7 51. Ke2 Neg6 52. Bxg6 hxg6 53. Kf2 g5 54.
Ne2 Ng6 55. Kg3 Ba4 56. Ng2 Bd1 57. fxg5+ Kxg5 58. Nef4 Ne5 59. Ne6+ Kf6 60. Nxc7 Nxc4 61. Nf4 Ne3 62. h4 Nc2 63. h5 Kg5 64. b5 Nb4 65. bxa6 bxa6 66. Nce6+ Kh6 67. Kh4 Bf3 68. Nd4 Be4 69.
Kg3 Kg5 70. Nde6+ Kh6 71. Nd4 Kg5 72. Nf3+ Bxf3 73. Kxf3 Na2 74. Ke3 Nc1 75. Ne6+ Kxh5 76. Kf4 Kg6 77. Nd4 Kf6 78. Nxf5 Ne2+ 79. Ke4 Nc3+ 80. Kf4 Nxd5+ 81. Kg4 Ke5 82. Nh4 Ne3+ 83. Kf3 Nc4 84. Ng6+ Kd4 85. Ne7 Nxa5 86. Nc8 d5 87.
Ke2 Kc3 88. Ne7 d4 89. Nd5+ Kc4 90. Nc7 Nb7 91. Nxa6 Nd6 92. Nc7 Ne4 93. Ne6 d3+ 94. Ke3 Kc3 95. Nc7 d2 96. Nd5+ Kb2 97. Ke2 Kc1 98. Ne3 Nc3+ 99. Kf2 Nd5 100. Nxd5 d1=Q 101. Ne3 Qd2+ 102. Kf3 Qd3 103. Kf4 Kd2 104. Nf5 Qc4+ 105. Ke5 Kd3 106. Nd6 Qc5+ 107. Ke6 Qc6 108. Ke5 Qc5+ 109. Ke6 Kd4 110. Nf5+ Ke4 111. Nd6+ Kf4 112. Nf7 Qc4+ 113. Kf6 Qc6+ 114. Ke7 Kf5 115. Nd6+ Kg6 116. Ke6 Kg7 117. Ke5 Kg6 118. Ne4 Qb5+ 119. Kd4 Qb4+ 120. Ke5 Qc4 121. Nd6 Qc5+ 122. Ke6 Kg7 123. Nf5+ Kf8 124. Nd6 Qc6 125. Ke5 Qd7 126. Nf5 Kf7 127. Nd6+ Kg6 128. Ne4 Qf5+ 129. Kd4 Qf4 130. Kd5 Qe3 131. Nd6 Kf6 132. Ne4+ Kf5 133. Nd6+ Kf4 134. Nc4 Qd3+ 135. Kc5 Ke4 136. Nd6+ Ke5 137. Nc4+ Ke6 138. Nb6 Qe3+ 139. Kb5 Qd4 140. Nc4 Kd5 141. Nb6+ Kd6 142. Nc4+ Kc7 143. Na5 Qb2+ 144. Kc4 Qa2+ 145. Nb3 Kc6 146. Kc3 Kd5 147. Nd2 Qa1+ 148. Kd3 Qa3+ 149. Ke2 Qb2 150. Kd3 Qa3+ 151. Ke2 Qc3 1/2-1/2

[Event "*** Titled Tuesday 3|2 Blitz"]
[Site "Chess.com"]
[Date "2017.03.07"]
[Round "9"]
[White "Incognito_Knight"]
[Black "Anton_Demchenko"]
[Result "0-1"]
[WhiteElo "2424"]
[BlackElo "2634"]
[TimeControl "180+2"]
[EndTime "15:02:49 PST"]
[Termination "Anton_Demchenko won by resignation"]

1. e4 e5 2. Nf3 Nc6 3. Bb5 a6 4.
Ba4 d6 5. O-O Bd7 6. d3 g6 7. a3 Bg7 8. Nc3 Nge7 9. Be3 O-O 10. Qc1 Nd4 11. Bxd4 exd4 12. Bxd7 dxc3 13. bxc3 Qxd7 14.
d4 d5 15. e5 c5 0-1

[Event "*** Titled Tuesday 3|2 Blitz"]
[Site "Chess.com"]
[Date "2017.03.07"]
[Round "9"]
[White "AllStarShark"]
[Black "afgano29"]
[Result "0-1"]
[WhiteElo "2260"]
[BlackElo "2404"]
[TimeControl "180+2"]
[EndTime "15:03:05 PST"]
[Termination "afgano29 won by resignation"]

1. d4 Nf6 2. Bg5 e6 3. e4 h6 4. Bxf6 Qxf6 5. c3 d5 6. e5 Qd8 7. Nf3 c5 8. Be2 Nc6 9. O-O Qb6 10. Qd2 Be7 11. a3 a5 12. a4 O-O 13. Na3 cxd4 14. cxd4 Bd7 15. Nb5 Rfc8 16. Rfc1 Nb4 17. Qe3 Nc2 18.
Rxc2 Rxc2 19. Qd3 Rxb2 20. Bd1 Bxb5 21. axb5 Qxb5 22. Qc3 Rb1 0-1

[Event "*** Titled Tuesday 3|2 Blitz"]
[Site "Chess.com"]
[Date "2017.03.07"]
[Round "9"]
[White "Hunninn"]
[Black "ER404"]
[Result "1-0"]
[WhiteElo "2429"]
[BlackElo "2240"]
[TimeControl "180+2"]
[EndTime "15:03:16 PST"]
[Termination "Hunninn won by resignation"]

1. d4 Nf6 2. Bf4 g6 3. e3 Bg7 4. Nf3 O-O 5. Be2 d6 6. h3 b6 7. c3 Bb7 8. Nbd2 Nbd7 9. O-O Ne4 10. Nxe4 Bxe4 11. Nd2 Bb7 12. Bh2 Nf6 13. Bf3 Qc8 14.
Bxb7 Qxb7 15. Re1 c5 16. Rc1 Rfc8 17. Qf3 Rab8 18. e4 cxd4 19. cxd4 Nd7 20. e5 dxe5 21.
Qxb7 1-0

[Event "*** Titled Tuesday 3|2 Blitz"]
[Site "Chess.com"]
[Date "2017.03.07"]
[Round "9"]
[White "DrVelja"]
[Black "kikydu96"]
[Result "1-0"]
[WhiteElo "2505"]
[BlackElo "2331"]
[TimeControl "180+2"]
[EndTime "15:03:18 PST"]
[Termination "DrVelja won by resignation"]

1. e4 c5 2. Nf3 d6 3. d4 cxd4 4.
Nxd4 Nf6 5. Nc3 a6 6. Bc4 e6 7. Bb3 Nbd7 8. Bg5 Be7 9. Bxe6 fxe6 10. Nxe6 Qa5 11. Bd2 Qe5 12. Nc7+ Kf8 13. f4 Qd4 14.
Ne6+ 1-0

[Event "*** Titled Tuesday 3|2 Blitz"]
[Site "Chess.com"]
[Date "2017.03.07"]
[Round "9"]
[White "aa175"]
[Black "RamonManon0g"]
[Result "1-0"]
[WhiteElo "1874"]
[BlackElo "2276"]
[TimeControl "180+2"]
[EndTime "15:03:47 PST"]
[Termination "aa175 won by checkmate"]

1. e4 c5 2. Nf3 d6 3. d4 cxd4 4.
Nxd4 Nf6 5. Nc3 a6 6. Be3 e5 7.
Nb3 Be7 8. Be2 O-O 9. f3 Be6 10. Qd2 Nbd7 11. O-O-O b5 12. g4 b4 13. Na4 a5 14. h4 Bxb3 15. axb3 Nc5 16. Nxc5 dxc5 17.
h5 Qc7 18. g5 Ne8 19. g6 a4 20. Bc4 axb3 21. gxf7+ Rxf7 22. Bxf7+ Kxf7 23. Qd5+ Kf8 24. Qxa8 bxc2 25. Kxc2 c4 26. Qa6 Nd6 27. h6 g6 28.
Qa8+ Kf7 29. Qd5+ Kf8 30. Qxe5 c3 31. Qh8+ Kf7 32. Qxh7+ Ke6 33. Qxg6+ Kd7 34. Qf5+ Kc6 35. Qc5+ Kd7 36. Qxc7+ Kxc7 37. h7 b3+ 38. Kxb3 cxb2 39. h8=Q Kd7 40. Rxd6+ Kxd6 41. Qd4+ Ke6 42. Rh6+ Kf7 43.
Qd5+ Kg7 44. Qe5+ Kf7 45. Rh7+ Kg6 46. Qg7# 1-0

[Event "*** Titled Tuesday 3|2 Blitz"]
[Site "Chess.com"]
[Date "2017.03.07"]
[Round "9"]
[White "silverback96"]
[Black "B-man"]
[Result "0-1"]
[WhiteElo "2070"]
[BlackElo "2475"]
[TimeControl "180+2"]
[EndTime "15:04:13 PST"]
[Termination "B-man won by checkmate"]

1. d4 d5 2. c4 c6 3. Nf3 Nf6 4.
Nc3 e6 5. Qd3 dxc4 6. Qxc4 b5 7.
Qd3 Ba6 8. Ne4 Nxe4 9. Qxe4 Bb4+ 10. Bd2 Bxd2+ 11. Nxd2 O-O 12. e3 Bb7 13. Bd3 g6 14. h4 Nd7 15. h5 Nf6 16. Qe5 Nxh5 17. Rxh5 gxh5 18. Qxh5 f5 19. O-O-O Qe7 20. Rh1 c5 21. Rh3 cxd4 22. Nf3 Rac8+ 23. Kb1 dxe3 24. fxe3 Be4 25.
Bxe4 fxe4 26. Rg3+ Kh8 27. Qe5+ Qf6 28. Qxe4 Qf5 29. Qxf5 Rxf5 30. e4 Rf4 31. Ng5 Rf1# 0-1

[Event "*** Titled Tuesday 3|2 Blitz"]
[Site "Chess.com"]
[Date "2017.03.07"]
[Round "9"]
[White "plouarzel"]
[Black "Feegus"]
[Result "0-1"]
[WhiteElo "2339"]
[BlackElo "2381"]
[TimeControl "180+2"]
[EndTime "15:04:26 PST"]
[Termination "Feegus won by resignation"]

1. d4 Nf6 2. c4 c5 3. d5 b5 4. Bg5 Qa5+ 5. Nd2 bxc4 6. Qc2 Nxd5 7. Qxc4 e6 8. e4 Ba6 9. Qb3 c4 10. Bxc4 Bxc4 11. Qxc4 Nb6 12. Qc7 Qxg5 13. Ngf3 Qb5 14.
Rc1 Na6 15. Qb7 Nc5 0-1

[Event "*** Titled Tuesday 3|2 Blitz"]
[Site "Chess.com"]
[Date "2017.03.07"]
[Round "9"]
[White "P0ubelle"]
[Black "Hanging_pointer"]
[Result "0-1"]
[WhiteElo "2042"]
[BlackElo "2279"]
[TimeControl "180+2"]
[EndTime "15:05:24 PST"]
[Termination "Hanging_pointer won by resignation"]

1. e4 c5 2. Nf3 d6 3. Bb5+ Bd7 4. Bxd7+ Qxd7 5. O-O Nf6 6. Qe2 e6 7. Rd1 Nc6 8. c3 Be7 9. c4 e5 10. Nc3 Nd4 11.
Nxd4 cxd4 12. Nd5 Nxd5 13. exd5 O-O 14. d3 f5 15. f4 Bf6 16. Rf1 Rae8 17. fxe5 dxe5 18.
Qf3 g6 19. Bh6 e4 20. Qe2 Bg7 21. Bxg7 Qxg7 22. dxe4 fxe4 23. Rxf8+ Qxf8 24. Rf1 Qg7 25. b4 Qe5 26. Qf2 e3 27. Qf7+ Kh8 28. c5 e2 29.
Re1 d3 30. d6 d2 0-1

[Event "*** Titled Tuesday 3|2 Blitz"]
[Site "Chess.com"]
[Date "2017.03.07"]
[Round "9"]
[White "SavelijTartakover"]
[Black "vpantev"]
[Result "1-0"]
[WhiteElo "2584"]
[BlackElo "2468"]
[TimeControl "180+2"]
[EndTime "15:05:34 PST"]
[Termination "SavelijTartakover won by checkmate"]

1. d4 Nf6 2. c4 e6 3. Nf3 Bb4+ 4.
Bd2 c5 5. Bxb4 cxb4 6. g3 O-O 7. Bg2 d6 8. O-O Qc7 9. b3 a5 10. a3 Na6 11. axb4 Nxb4 12. Nc3 Bd7 13. Ne1 e5 14. e3 Bf5 15. Nb5 Qe7 16. dxe5 dxe5 17. Qd6 Rfe8 18. Qxe7 Rxe7 19. Nd6 Bc2 20. Nxb7 e4 21. Rxa5 Rb8 22. Nxc2 Rexb7 23. Nd4 Nd3 24. Rb5 Rxb5 25. cxb5 Kf8 26.
g4 h6 27. h3 Rc8 28. Nc6 Nc5 29. b4 Ncd7 30. Rd1 g5 31. Bxe4 Nb6 32. Bf3 Nfd7 33. Rd6 Kg7 34. Kg2 Re8 35. Nd4 Re5 36. Nf5+ Kf8 37.
Rxh6 Rxb5 38. Rh8# 1-0

[Event "*** Titled Tuesday 3|2 Blitz"]
[Site "Chess.com"]
[Date "2017.03.07"]
[Round "9"]
[White "CM_Perligero"]
[Black "ChadaevNikolay"]
[Result "0-1"]
[WhiteElo "2148"]
[BlackElo "2600"]
[TimeControl "180+2"]
[EndTime "15:05:34 PST"]
[Termination "ChadaevNikolay won by resignation"]

1. d4 Nf6 2. c4 e6 3. Nc3 d5 4. e3 a6 5. Nf3 Nbd7 6. Bd3 dxc4 7.
Bxc4 b5 8. Bd3 c5 9. O-O Bb7 10.
e4 cxd4 11. Nxd4 Bd6 12. f4 Bc5 13. Be3 Qb6 14. Bc2 e5 15. fxe5 Nxe5 16. Kh1 Rd8 17. Nce2 O-O 18. Bg1 Nxe4 19. Qe1 Ng4 20. Qh4 Qg6 21.
Nf4 Qg5 22. Qe1 Rfe8 23. Nf3 Qxf4 0-1

[Event "*** Titled Tuesday 3|2 Blitz"]
[Site "Chess.com"]
[Date "2017.03.07"]
[Round "9"]
[White "Jadeit90"]
[Black "escher"]
[Result "1-0"]
[WhiteElo "2144"]
[BlackElo "2023"]
[TimeControl "180+2"]
[EndTime "15:05:39 PST"]
[Termination "Jadeit90 won by checkmate"]

1. e4 c5 2. Nf3 Nc6 3. d4 cxd4 4.
Nxd4 Nf6 5. Nc3 e5 6. Ndb5 d6 7. Bg5 a6 8. Na3 b5 9. Bxf6 gxf6 10. Nd5 f5 11. Bxb5 axb5 12. Nxb5 Ra4 13. Nbc7+ Kd7 14. O-O Rg8 15. Qh5 Qg5 16. Qxf7+ Be7 17. g3 Rxe4 18.
Ne6 Qg6 19. Nb6# 1-0

[Event "*** Titled Tuesday 3|2 Blitz"]
[Site "Chess.com"]
[Date "2017.03.07"]
[Round "9"]
[White "LuckyTiger"]
[Black "VerdeNotte"]
[Result "0-1"]
[WhiteElo "2500"]
[BlackElo "2573"]
[TimeControl "180+2"]
[EndTime "15:05:58 PST"]
[Termination "VerdeNotte won by resignation"]

1. e4 c5 2. c3 d5 3. exd5 Qxd5 4.
d4 Nc6 5. Nf3 Bf5 6. Be3 e6 7.
Be2 cxd4 8. Nxd4 Nxd4 9. Bxd4 Ne7 10. Bf3 Be4 11. Nd2 Bxf3 12. Qxf3 Qxf3 13. Nxf3 Nf5 14. Be5 f6 15. Bf4 g5 16. Bd2 g4 17. Ng1 O-O-O 18. g3 Bc5 19. Rd1 h5 20. h3 h4 21. hxg4 hxg3 22.
Rxh8 gxf2+ 23. Ke2 Rxh8 0-1

[Event "*** Titled Tuesday 3|2 Blitz"]
[Site "Chess.com"]
[Date "2017.03.07"]
[Round "9"]
[White "SCIM"]
[Black "VMikhalevski"]
[Result "0-1"]
[WhiteElo "2317"]
[BlackElo "2548"]
[TimeControl "180+2"]
[EndTime "15:06:05 PST"]
[Termination "VMikhalevski won by resignation"]

1. d4 Nf6 2. c4 g6 3. Nc3 d5 4.
Bg5 Bg7 5. Bxf6 Bxf6 6. cxd5 c5 7. dxc5 O-O 8. Qd2 Nd7 9. Ne4 Bg7 10. Nf3 f5 11.
Neg5 Nxc5 12. Rc1 Qb6 13. e3 h6 14. Ne6 Nxe6 15. dxe6 Bxe6 16. Bc4 Bxc4 17. Rxc4 Rac8 18. O-O Rxc4 19. Qd5+ Kh7 20. Qxc4 Qxb2 21. h4 Bf6 22. Rd1 a5 23. Rd7 b5 24. Qe6 Qc1+ 25. Kh2 Qc4 26. Qxc4 bxc4 27. Rc7 c3 28. Nd4 Be5+ 0-1

[Event "*** Titled Tuesday 3|2 Blitz"]
[Site "Chess.com"]
[Date "2017.03.07"]
[Round "9"]
[White "1e41-0"]
[Black "DryCounty"]
[Result "0-1"]
[WhiteElo "2336"]
[BlackElo "2507"]
[TimeControl "180+2"]
[EndTime "15:06:12 PST"]
[Termination "DryCounty won by resignation"]

1. e4 c5 2. Nf3 d6 3. d4 cxd4 4.
Nxd4 Nf6 5. Nc3 Nc6 6. h3 e5 7. Nde2 Be6 8. g4 d5 9. exd5 Nxd5 10. Bg2 Nxc3 11. Qxd8+ Rxd8 12. Nxc3 Nd4 13. Be4 Bc5 14. Be3 O-O 15. O-O-O b6 16. Rhe1 Rc8 17. f4 f6 18. f5 Bf7 19. Kb1 Rfd8 20. Ne2 Nxe2 21.
Rxd8+ Rxd8 22. Bxc5 bxc5 23. c3 Rd2 24. Bf3 Nf4 25.
Kc1 Rf2 26. Be4 Re2 27. Rd1 Rxe4 28. Rd8+ Be8 29. Rxe8+ Kf7 30. Ra8 Ra4 31. Rb8 Nxh3 32. Rb7+ Kf8 33. Rb8+ Ke7 34. Rb7+ Kd6 35. Rxg7 Ng5 36.
Rg8 Rxg4 37. Ra8 h5 38. Rxa7 h4 39. c4 e4 40. a4 h3 41. Rh7 Nxh7 0-1

[Event "*** Titled Tuesday 3|2 Blitz"]
[Site "Chess.com"]
[Date "2017.03.07"]
[Round "9"]
[White "saraswathii"]
[Black "VeraNebolsina"]
[Result "0-1"]
[WhiteElo "2142"]
[BlackElo "1833"]
[TimeControl "180+2"]
[EndTime "15:06:27 PST"]
[Termination "VeraNebolsina won by resignation"]

1. e4 c5 2. Nf3 d6 3. d3 g6 4. g3 Bg7 5. Bg2 e5 6. O-O Ne7 7. c3 Nbc6 8. h3 O-O 9. a3 a5 10.
a4 h6 11. Nh4 Kh7 12. Na3 f5 13. exf5 Nxf5 14. Nf3 Be6 15. Nc2 d5 16. Re1 Qd7 17. Kh2 Rae8 18. Ne3 Nd6 19. Nh4 Rxf2 20. Rf1 Rxf1 21.
Qxf1 Rf8 22. Qe2 e4 23. dxe4 dxe4 24. Bd2 g5 25. Nhf5 Bxf5 0-1

[Event "*** Titled Tuesday 3|2 Blitz"]
[Site "Chess.com"]
[Date "2017.03.07"]
[Round "9"]
[White "Vamostodorecto"]
[Black "jk13"]
[Result "0-1"]
[WhiteElo "2388"]
[BlackElo "2491"]
[TimeControl "180+2"]
[EndTime "15:06:28 PST"]
[Termination "jk13 won by resignation"]

1. d4 Nf6 2. c4 e6 3. Nc3 Bb4 4. e3 O-O 5. Bd3 d5 6. a3 Bxc3+ 7.
bxc3 c5 8. cxd5 exd5 9. Ne2 b6 10. O-O Ba6 11. f3 Re8 12. Ng3 Qc8 13. Ra2 Bxd3 14. Qxd3 Qa6 15. Qb1 Qc4 16. Nf5 Re6 17. e4 dxe4 18.
fxe4 Nxe4 19. d5 Qxd5 20. Bh6 gxh6 21. c4 Qe5 22. Re2 Nd7 23. Ng3 Qd4+ 0-1

[Event "*** Titled Tuesday 3|2 Blitz"]
[Site "Chess.com"]
[Date "2017.03.07"]
[Round "9"]
[White "FlameOak4464"]
[Black "MateusViageiro"]
[Result "0-1"]
[WhiteElo "1775"]
[BlackElo "2220"]
[TimeControl "180+2"]
[EndTime "15:06:45 PST"]
[Termination "MateusViageiro won by resignation"]

1. e4 c5 2. Nf3 d6 3. d4 cxd4 4.
Nxd4 Nf6 5. Nc3 a6 6. f3 Qb6 7.
Bc4 Nc6 8. Nb3 e6 9. Bg5 Be7 10. Qd2 h6 11. Be3 Qc7 12. g4 Ne5 13. Be2 Nc4 14. Bxc4 Qxc4 15. h4 b5 16. O-O-O Nd7 17. Bf4 Ne5 18. Rdf1 Qc7 19. h5 f6 20. Bg3 Bd7 21. Qd1 Rc8 22. f4 Nc4 23. Re1 Nxb2 24. Kxb2 Qxc3+ 25. Kb1 Qxg3 26. Rhg1 Qxf4 27. Qe2 Qe5 28.
Nc1 Qc3 29. Rd1 O-O 30. Rd3 Qc4 31. Rgd1 b4 32. Nb3 Bb5 33. Rd4 Qxe2 0-1

[Event "*** Titled Tuesday 3|2 Blitz"]
[Site "Chess.com"]
[Date "2017.03.07"]
[Round "9"]
[White "GeorgMeier"]
[Black "eldur16"]
[Result "1-0"]
[WhiteElo "2719"]
[BlackElo "2341"]
[TimeControl "180+2"]
[EndTime "15:06:48 PST"]
[Termination "GeorgMeier won by resignation"]

1. Nf3 Nf6 2. g3 b6 3. Bg2 Bb7 4.
c4 c5 5. O-O g6 6. b3 Bg7 7. Bb2 O-O 8. Nc3 d6 9. d4 cxd4 10.
Qxd4 Nbd7 11. Rfd1 a6 12. Ne1 Bxg2 13. Nxg2 Re8 14.
Ne3 Qb8 15. Ncd5 b5 16. Rac1 Nc5 17. Qd2 Nfe4 18. Qc2 Bxb2 19. Qxb2 bxc4 20. Rxc4 e6 21. Nf6+ Nxf6 22. Qxf6 Nd7 23. Qc3 Ne5 24. Rc7 d5 25.
Qxe5 1-0

[Event "*** Titled Tuesday 3|2 Blitz"]
[Site "Chess.com"]
[Date "2017.03.07"]
[Round "9"]
[White "jcgs1030"]
[Black "proxy6"]
[Result "0-1"]
[WhiteElo "2283"]
[BlackElo "2175"]
[TimeControl "180+2"]
[EndTime "15:06:49 PST"]
[Termination "proxy6 won by resignation"]

1. e4 e5 2. Nf3 Nc6 3. Bb5 a6 4.
Ba4 Nf6 5. O-O Be7 6. c3 d6 7. d4 b5 8. Bc2 O-O 9. a4 Bg4 10.
d5 Na7 11. h3 Bd7 12. Be3 c5 13. dxc6 Bxc6 14. Nbd2 Qd7 15. Re1 Rfb8 16. Bxa7 Rxa7 17. axb5 axb5 18. Rxa7 Qxa7 19. Nh4 b4 20. Nf5 Bf8 21.
Nc4 bxc3 22. bxc3 Qc5 23. Nce3 Nxe4 24. Ng4 Nxc3 25. Qd3 e4 26. Qg3 Kh8 27. Nfh6 gxh6 28. Nxh6 Bxh6 29. Qh4 Qg5 0-1

[Event "*** Titled Tuesday 3|2 Blitz"]
[Site "Chess.com"]
[Date "2017.03.07"]
[Round "9"]
[White "Astaneh"]
[Black "johnathan113"]
[Result "1-0"]
[WhiteElo "2528"]
[BlackElo "2382"]
[TimeControl "180+2"]
[EndTime "15:06:52 PST"]
[Termination "Astaneh won by resignation"]

1. d4 Nf6 2. c4 g6 3. Nc3 Bg7 4. Nf3 O-O 5. g3 d6 6. Bg2 Nc6 7. O-O a6 8. b3 Rb8 9. Qd3 b5 10. cxb5 axb5 11. Nd2 Bd7 12. Bb2 e5 13. d5 Nd4 14. e3 Bf5 15. Nce4 Bxe4 16. Nxe4 Nf5 17. Rfc1 Nxe4 18. Bxe4 Ne7 19. Bg2 e4 20. Qc2 Bxb2 21.
Qxb2 f5 22. Qd4 b4 23. Bf1 Rb7 24. Rc4 Rb5 25. Rxb4 c5 26. dxc6 Nxc6 27. Qc4+ d5 28. Qxb5 Nxb4 29. Qxb4 g5 30. Rd1 f4 31. Rxd5 Qf6 32.
Qd4 1-0

[Event "*** Titled Tuesday 3|2 Blitz"]
[Site "Chess.com"]
[Date "2017.03.07"]
[Round "9"]
[White "Rating-Schmating"]
[Black "Makalexa"]
[Result "0-1"]
[WhiteElo "2277"]
[BlackElo "2144"]
[TimeControl "180+2"]
[EndTime "15:07:01 PST"]
[Termination "Makalexa won by checkmate"]

1. e4 e5 2. Nf3 Nc6 3. d4 exd4 4. Nxd4 Bc5 5. Nxc6 Qf6 6. Qf3 bxc6 7. Bc4 Ne7 8.
Qxf6 gxf6 9. Bh6 Rg8 10. g3 d5 11.
Bd3 f5 12. f3 fxe4 13. fxe4 Rg6 14. Bf4 dxe4 15. Bc4 Nd5 16. Bxd5 cxd5 17. Bxc7 d4 18.
Nd2 e3 19. Ne4 Bb4+ 20. c3 Bb7 21. cxb4 Bxe4 22. O-O d3 23. Rf4 f5 24. Kf1 Rc8 25. Be5 Rc2 26. Bc3 Rxh2 27. Ke1 Rh1+ 28. Rf1 Rxg3 29.
Bd4 Rgg1 30. Bxe3 Rxf1+ 31. Kd2 Rh2+ 32. Kc3 Rc2+ 33. Kd4 Rxa1 34. a3 d2 35. Ke5 d1=Q 36. Bxa7 Qd5+ 37. Kf6 h6 38. Kg7 Rc6 39. Bb8 Rg1+ 40.
Bg3 Rxg3+ 41. Kh8 Qg8# 0-1

[Event "*** Titled Tuesday 3|2 Blitz"]
[Site "Chess.com"]
[Date "2017.03.07"]
[Round "9"]
[White "Alexander_Moskalenko"]
[Black "Cayse"]
[Result "0-1"]
[WhiteElo "2684"]
[BlackElo "2581"]
[TimeControl "180+2"]
[EndTime "15:07:08 PST"]
[Termination "Cayse won by resignation"]

1. b3 e5 2. Bb2 Nc6 3. e3 Nf6 4.
c4 d5 5. cxd5 Nxd5 6. a3 Bd6 7.
Qc2 O-O 8. d3 Be6 9. Nf3 a5 10.
Nbd2 Nde7 11. Be2 Ng6 12. Ne4 Qe7 13. O-O f5 14. Nxd6 cxd6 15. Bc3 d5 16. b4 e4 17. Nd4 f4 18. dxe4 Nxd4 19. Bxd4 f3 20. gxf3 Rac8 21.
Qb1 Bh3 22. Kh1 Bxf1 23. Bxf1 Rxf3 24. exd5 Rxf2 25. Ra2 Qh4 26. Rxf2 Qxf2 27. Bg2 Nh4 28. Qg1 Rc1 0-1

[Event "*** Titled Tuesday 3|2 Blitz"]
[Site "Chess.com"]
[Date "2017.03.07"]
[Round "9"]
[White "capatl"]
[Black "Rock700chess"]
[Result "1-0"]
[WhiteElo "2332"]
[BlackElo "2238"]
[TimeControl "180+2"]
[EndTime "15:07:13 PST"]
[Termination "capatl won by resignation"]

1. c4 Nf6 2. Nc3 g6 3. b3 Bg7 4. Bb2 O-O 5. Nf3 d6 6. d4 Nbd7 7. e3 c6 8. Be2 a6 9. O-O Qc7 10.
Rc1 Re8 11. h3 h6 12. b4 e5 13. dxe5 Nxe5 14. Nxe5 dxe5 15. c5 Bf5 16. Na4 Rad8 17. Qb3 Nd5 18. Rfd1 Be6 19. Bc4 f5 20. Nb6 Qf7 21.
Rd2 Nc7 22. Rcd1 Rxd2 23. Rxd2 Bxc4 24. Nxc4 Nd5 25. Nd6 Qe7 26. Nxe8 Qxe8 27. Rxd5 cxd5 28. Qxd5+ Kh7 29. Qxb7 Qe6 30. c6 Kg8 31. c7 Qxa2 32. c8=Q+ Kh7 33. Bxe5 1-0

[Event "*** Titled Tuesday 3|2 Blitz"]
[Site "Chess.com"]
[Date "2017.03.07"]
[Round "9"]
[White "Izoria123"]
[Black "jcibarra"]
[Result "1-0"]
[WhiteElo "2582"]
[BlackElo "2661"]
[TimeControl "180+2"]
[EndTime "15:07:22 PST"]
[Termination "Izoria123 won by resignation"]

1. Nf3 Nf6 2. c4 g6 3. Nc3 d6 4. d4 Bf5 5. Nd2 Bd7 6. e4 e5 7. d5 a5 8. Be2 Na6 9. O-O Bg7 10.
b3 O-O 11. a3 Ne8 12. Rb1 Nc5 13. b4 axb4 14. axb4 Na4 15. Qc2 Nxc3 16. Qxc3 f5 17. c5 Nf6 18. f3 g5 19. c6 bxc6 20. dxc6 Be6 21. Bc4 d5 22. exd5 Nxd5 23. Qb3 Kh8 24. Re1 Qd6 25. b5 Bg8 26. Kh1 Qc5 27. Bb2 Nf4 28.
g3 Nh3 29. Bxg8 Rxg8 30. Nc4 e4 31. fxe4 Nf2+ 32. Kg2 Nxe4 33. Re2 Qd5 34. Ne3 Qe6 35.
Qxe6 1-0

[Event "*** Titled Tuesday 3|2 Blitz"]
[Site "Chess.com"]
[Date "2017.03.07"]
[Round "9"]
[White "GMMarcinDziuba"]
[Black "Tash_Boy"]
[Result "1-0"]
[WhiteElo "2474"]
[BlackElo "2501"]
[TimeControl "180+2"]
[EndTime "15:07:35 PST"]
[Termination "GMMarcinDziuba won by resignation"]

1. d4 Nf6 2. c4 g6 3. Nc3 Bg7 4. e4 d6 5. h3 O-O 6. Nf3 e5 7. d5 Nh5 8. g3 Na6 9. Be2 Qe8 10. Be3 f5 11. exf5 gxf5 12. Ng5 Nf6 13. g4 f4 14. Bd2 Qg6 15. Ne6 Bxe6 16. dxe6 Nc5 17. h4 Nd3+ 18. Bxd3 Qxd3 19. g5 Ne4 20. Qe2 Qxe2+ 21. Kxe2 Nxc3+ 22. Bxc3 Rae8 23. Kf3 Rxe6 24. Ke4 c6 25. Rad1 b5 26. b3 f3 27. Bd2 h5 28. Be3 Kh7 29. Rd2 bxc4 30. bxc4 Rf7 31.
Rb1 Kg6 32. a4 Bf8 33. a5 Re8 34.
a6 Rd8 35. Rb7 Rdd7 36. Rb8 Rfe7 37. Rxf8 1-0